SL
ATHLETIC CLUB KC @ PHILADELPHIA 1776 BC
05/12/2029
 
TOP OF THE 1ST
Athletic Club KC batting - Pitching for Philadelphia 1776 BC : LHP Carlos Sánchez
Pitching: LHP Carlos Sánchez
Batting: RHB Pil-joong Pak 0-0: Called Strike
0-1: Ball
1-1: Ball
2-1: Foul Ball, location: 2F
2-2: Ball
3-2: Strikes out swinging
Batting: RHB Dong-min Cho 0-0: Called Strike
0-1: Called Strike
0-2: Ball
1-2: Strikes out swinging
Batting: RHB David Edwards 0-0: Called Strike
0-1: Foul Ball, location: 2F
0-2: Ball
1-2: Ball
2-2: Ground out 5-3 (Groundball, 56)
Top of the 1st over - 0 runs, 0 hits, 0 errors, 0 left on base; Athletic Club KC 0 - Philadelphia 1776 0
BOTTOM OF THE 1ST
Philadelphia 1776 BC batting - Pitching for Athletic Club KC : RHP Juan Gusmán
Pitching: RHP Juan Gusmán
Batting: LHB Tony Vega 0-0: SINGLE (Groundball, 3D)
Batting: LHB Cliff Aldridge 0-0: Called Strike
Tony Vega steals 2nd base
0-1: Ball
1-1: Ball
2-1: Ground out 6-3 (Groundball, 6)
Tony Vega to third
Batting: LHB Manoo Satyavrat 0-0: Called Strike
0-1: Ball
1-1: Foul Ball, location: 2F
1-2: Ball
2-2: Foul Ball, location: 2F
2-2: Fly out, F8 (Flyball, 8RD)
Runner from 3rd tags up, SCORES, no throw
Batting: LHB José Rodríguez 0-0: Ball
1-0: Ball
2-0: Ball
3-0: Base on Balls
Batting: SHB Sam Quint 0-0: Ball
1-0: Called Strike
1-1: Ground out 4-3 (Groundball, 4)
Bottom of the 1st over - 1 run, 1 hit, 0 errors, 1 left on base; Athletic Club KC 0 - Philadelphia 1776 1
TOP OF THE 2ND
Athletic Club KC batting - Pitching for Philadelphia 1776 BC : LHP Carlos Sánchez
Batting: SHB Pedro Vázquez 0-0: Foul Ball, location: 2F
0-1: Called Strike
0-2: Ball
1-2: Strikes out swinging
Batting: RHB Dao-zi Dai 0-0: Ball
1-0: Swinging Strike
1-1: Ball
2-1: Called Strike
2-2: Strikes out swinging
Batting: RHB Todd Blake 0-0: Called Strike
0-1: Fly out, F7 (Flyball, 7)
Top of the 2nd over - 0 runs, 0 hits, 0 errors, 0 left on base; Athletic Club KC 0 - Philadelphia 1776 1
BOTTOM OF THE 2ND
Philadelphia 1776 BC batting - Pitching for Athletic Club KC : RHP Juan Gusmán
Batting: RHB Fernando Rivera 0-0: Fly out, F7 (Flyball, 7S)
Batting: RHB Patrizio Vanali 0-0: Swinging Strike
0-1: Ground out 5-3 (Groundball, 56S)
Batting: SHB Jesús Cabañe 0-0: Ball
1-0: Called Strike
1-1: Ball
2-1: Foul Ball, location: 2F
2-2: Strikes out swinging
Bottom of the 2nd over - 0 runs, 0 hits, 0 errors, 0 left on base; Athletic Club KC 0 - Philadelphia 1776 1
TOP OF THE 3RD
Athletic Club KC batting - Pitching for Philadelphia 1776 BC : LHP Carlos Sánchez
Batting: SHB Eric Moore 0-0: Foul Ball, location: 2F
0-1: Swinging Strike
0-2: Foul Ball, location: 2F
0-2: Ball
1-2: Ball
2-2: Ball
3-2: Strikes out swinging
Batting: RHB Richard Younger 0-0: Ball
1-0: Called Strike
1-1: Swinging Strike
1-2: Ball
2-2: Ball
3-2: Fly out, F8 (Flyball, 78D)
Batting: LHB Manuel Domínguez 0-0: Ball
1-0: Fly out, F8 (Flyball, 8LXD)
Top of the 3rd over - 0 runs, 0 hits, 0 errors, 0 left on base; Athletic Club KC 0 - Philadelphia 1776 1
BOTTOM OF THE 3RD
Philadelphia 1776 BC batting - Pitching for Athletic Club KC : RHP Juan Gusmán
Batting: RHB Dave Morris 0-0: Ball
1-0: Fly out, F5 (Popup, 5F)
Batting: LHB Tony Vega 0-0: Ball
1-0: Ball
2-0: Ball
3-0: Base on Balls
Batting: LHB Cliff Aldridge 0-0: Called Strike
0-1: Foul Ball, location: 2F
0-2: Ball
1-2: Ball
2-2: Strikes out swinging
Batting: LHB Manoo Satyavrat 0-0: Ball
1-0: Called Strike
1-1: Ball
2-1: Ball
3-1: SINGLE (Groundball, 4D)
Tony Vega to second
Runner from 2nd tries for 3rd, SAFE, throw made to third
Batting: LHB José Rodríguez 0-0: Swinging Strike
0-1: Ball
1-1: Ball
2-1: Fly out, F6 (Popup, P)
Bottom of the 3rd over - 0 runs, 1 hit, 0 errors, 2 left on base; Athletic Club KC 0 - Philadelphia 1776 1
TOP OF THE 4TH
Athletic Club KC batting - Pitching for Philadelphia 1776 BC : LHP Carlos Sánchez
Batting: RHB Pil-joong Pak 0-0: Called Strike
0-1: Ball
1-1: Fly out, F7 (Flyball, 7S)
Batting: RHB Dong-min Cho 0-0: Called Strike
0-1: Ball
1-1: SINGLE (Flyball, 78S)
Batting: RHB David Edwards 0-0: Ball
1-0: Ball
2-0: Fly out, F9 (Flyball, 9LM)
Batting: SHB Pedro Vázquez 0-0: Swinging Strike
0-1: Ball
1-1: Swinging Strike
1-2: Fly out, F4 (Popup, 4)
Top of the 4th over - 0 runs, 1 hit, 0 errors, 1 left on base; Athletic Club KC 0 - Philadelphia 1776 1
BOTTOM OF THE 4TH
Philadelphia 1776 BC batting - Pitching for Athletic Club KC : RHP Juan Gusmán
Batting: SHB Sam Quint 0-0: Ball
1-0: Ball
2-0: Called Strike
2-1: Ball
3-1: Base on Balls
Batting: RHB Fernando Rivera 0-0: Swinging Strike
0-1: Grounds into double play, 6-4-3 (Groundball, 6)
Batting: RHB Patrizio Vanali 0-0: Ball
1-0: Fly out, F7 (Flyball, 7S)
Bottom of the 4th over - 0 runs, 0 hits, 0 errors, 0 left on base; Athletic Club KC 0 - Philadelphia 1776 1
TOP OF THE 5TH
Athletic Club KC batting - Pitching for Philadelphia 1776 BC : LHP Carlos Sánchez
Batting: RHB Dao-zi Dai 0-0: Ball
1-0: Called Strike
1-1: Ball
2-1: Called Strike
2-2: Ground out 6-3 (Groundball, 6)
Batting: RHB Todd Blake 0-0: Foul Ball, location: 2F
0-1: Swinging Strike
0-2: Ball
1-2: Foul Ball, location: 2F
1-2: Strikes out looking
Batting: SHB Eric Moore 0-0: Foul Ball, location: 2F
0-1: Ball
1-1: Swinging Strike
1-2: Ball
2-2: Foul Ball, location: 2F
2-2: Strikes out swinging
Top of the 5th over - 0 runs, 0 hits, 0 errors, 0 left on base; Athletic Club KC 0 - Philadelphia 1776 1
BOTTOM OF THE 5TH
Philadelphia 1776 BC batting - Pitching for Athletic Club KC : RHP Juan Gusmán
Batting: SHB Jesús Cabañe 0-0: Called Strike
0-1: Swinging Strike
0-2: Ball
1-2: Ball
2-2: Fly out, F9 (Flyball, 9LS)
Batting: RHB Dave Morris 0-0: SINGLE (Line Drive, 56)
Batting: LHB Tony Vega 0-0: Called Strike
0-1: SINGLE (Line Drive, 89M)
Dave Morris to second
Batting: LHB Cliff Aldridge 0-0: SINGLE (Groundball, 34D)
Dave Morris to third
Tony Vega to second
Runner from 3rd tries for Home, SAFE, no throw
Batting: LHB Manoo Satyavrat 0-0: Ground out U3 (Groundball, 34S)
Tony Vega to third
Cliff Aldridge to second
Batting: LHB José Rodríguez 0-0: Called Strike
0-1: Ball
1-1: Foul Ball, location: 2F
1-2: Foul Ball, location: 2F
1-2: Foul Ball, location: 2F
1-2: Foul Ball, location: 2F
1-2: Strikes out swinging
Bottom of the 5th over - 1 run, 3 hits, 0 errors, 2 left on base; Athletic Club KC 0 - Philadelphia 1776 2
TOP OF THE 6TH
Athletic Club KC batting - Pitching for Philadelphia 1776 BC : LHP Carlos Sánchez
Batting: RHB Richard Younger 0-0: SINGLE (Line Drive, 6M)
Batting: LHB Manuel Domínguez 0-0: Ball
1-0: Ball
2-0: Foul Ball, location: 2F
2-1: Fielders Choice at 2nd, 1-6 (Groundball, P)
Batting: RHB Pil-joong Pak 0-0: Called Strike
0-1: Called Strike
0-2: Foul Ball, location: 2F
0-2: Foul Ball, location: 2F
0-2: Ball
1-2: Fielders Choice at 2nd, 1-6 (Groundball, P)
Batting: RHB Dong-min Cho 0-0: Called Strike
0-1: Called Strike
0-2: Foul Ball, location: 2F
0-2: Foul Ball, location: 2F
0-2: Strikes out swinging
Top of the 6th over - 0 runs, 1 hit, 0 errors, 1 left on base; Athletic Club KC 0 - Philadelphia 1776 2
BOTTOM OF THE 6TH
Philadelphia 1776 BC batting - Pitching for Athletic Club KC : RHP Juan Gusmán
Batting: SHB Sam Quint 0-0: Ball
1-0: Called Strike
1-1: Ball
2-1: Ball
3-1: Base on Balls
Batting: RHB Fernando Rivera 0-0: Called Strike
0-1: Ball
1-1: Ball
2-1: Called Strike
2-2: Strikes out swinging
Batting: RHB Patrizio Vanali 0-0: Called Strike
0-1: Foul Ball, location: 2F
0-2: Ball
1-2: Ball
2-2: Foul Ball, location: 2F
2-2: Strikes out swinging
Batting: SHB Jesús Cabañe 0-0: Ball
1-0: Called Strike
1-1: Foul Ball, location: 2F
1-2: Ball
2-2: Ball
3-2: Foul Ball, location: 2F
3-2: Base on Balls
Sam Quint to second
Pitching: LHP Ash Ibarra
Batting: RHB Dave Morris 0-0: Called Strike
0-1: Ball
1-1: Foul Ball, location: 2F
1-2: Foul Ball, location: 2F
1-2: Foul Ball, location: 2F
1-2: Foul Ball, location: 2F
1-2: Strikes out swinging
Bottom of the 6th over - 0 runs, 0 hits, 0 errors, 2 left on base; Athletic Club KC 0 - Philadelphia 1776 2
TOP OF THE 7TH
Athletic Club KC batting - Pitching for Philadelphia 1776 BC : LHP Carlos Sánchez
Batting: RHB David Edwards 0-0: Ball
1-0: Called Strike
1-1: Foul Ball, location: 2F
1-2: Ball
2-2: Fly out, F1 (Line Drive, 13)
Batting: SHB Pedro Vázquez 0-0: Called Strike
0-1: Ball
1-1: Swinging Strike
1-2: Ball
2-2: Fly out, F9 (Flyball, 9)
Batting: RHB Dao-zi Dai 0-0: Foul Ball, location: 2F
0-1: Ball
1-1: Swinging Strike
1-2: Ball
2-2: SINGLE (Line Drive, 5L)
Pitching: RHP António Rodríguez
Batting: RHB Todd Blake 0-0: Foul Ball, location: 2F
0-1: Ball
1-1: Called Strike
1-2: Ball
2-2: Fielders Choice at 2nd, 6-4 (Groundball, 6)
Top of the 7th over - 0 runs, 1 hit, 0 errors, 1 left on base; Athletic Club KC 0 - Philadelphia 1776 2
BOTTOM OF THE 7TH
Philadelphia 1776 BC batting - Pitching for Athletic Club KC : LHP Ash Ibarra
Pitching: LHP Sung-hwan Ho
Batting: LHB Tony Vega 0-0: Called Strike
0-1: Foul Ball, location: 2F
0-2: Ball
1-2: Foul Ball, location: 2F
1-2: Ball
2-2: Foul Ball, location: 2F
2-2: Ground out 6-3 (Groundball, 6)
Batting: LHB Cliff Aldridge 0-0: Called Strike
0-1: Ball
1-1: Ball
2-1: Swinging Strike
2-2: Strikes out swinging
Batting: LHB Manoo Satyavrat 0-0: Ball
1-0: Called Strike
1-1: Foul Ball, location: 2F
1-2: Foul Ball, location: 2F
1-2: Strikes out swinging
Bottom of the 7th over - 0 runs, 0 hits, 0 errors, 0 left on base; Athletic Club KC 0 - Philadelphia 1776 2
TOP OF THE 8TH
Athletic Club KC batting - Pitching for Philadelphia 1776 BC : RHP António Rodríguez
Batting: SHB Eric Moore 0-0: Swinging Strike
0-1: Foul Ball, location: 2F
0-2: Strikes out looking
Batting: RHB Richard Younger 0-0: Called Strike
0-1: Ball
1-1: Swinging Strike
1-2: Ball
2-2: Strikes out looking
Batting: LHB Manuel Domínguez 0-0: Ball
1-0: Ball
2-0: Foul Ball, location: 2F
2-1: Ground out 4-3 (Groundball, 4)
Top of the 8th over - 0 runs, 0 hits, 0 errors, 0 left on base; Athletic Club KC 0 - Philadelphia 1776 2
BOTTOM OF THE 8TH
Philadelphia 1776 BC batting - Pitching for Athletic Club KC : LHP Sung-hwan Ho
Batting: LHB José Rodríguez 0-0: Ball
1-0: Ball
2-0: Ball
3-0: Base on Balls
Batting: SHB Sam Quint 0-0: Ball
1-0: Fly out, F7 (Flyball, 78M)
Batting: RHB Fernando Rivera 0-0: Ball
1-0: Swinging Strike
1-1: Called Strike
1-2: Strikes out swinging
José Rodríguez steals 2nd base
Batter strikes out.
Batting: RHB Patrizio Vanali 0-0: Foul Ball, location: 2F
0-1: Foul Ball, location: 2F
0-2: Foul Ball, location: 2F
0-2: Ball
1-2: Ball
2-2: DOUBLE (Groundball, 5L)
José Rodríguez scores
Batting: SHB Jesús Cabañe 0-0: Foul Ball, location: 2F
0-1: Ball
1-1: Called Strike
1-2: Ball
2-2: Ground out 4-3 (Groundball, 4M)
Bottom of the 8th over - 1 run, 1 hit, 0 errors, 1 left on base; Athletic Club KC 0 - Philadelphia 1776 3
TOP OF THE 9TH
Athletic Club KC batting - Pitching for Philadelphia 1776 BC : RHP António Rodríguez
Pitching: RHP Carlos Ramos
Batting: RHB Pil-joong Pak 0-0: Fly out, F9 (Flyball, 9D)
Batting: RHB Dong-min Cho 0-0: Ball
1-0: Called Strike
1-1: Ball
2-1: Swinging Strike
2-2: Ball
3-2: Strikes out swinging
Batting: RHB David Edwards 0-0: Fly out, F9 (Flyball, 9)
Top of the 9th over - 0 runs, 0 hits, 0 errors, 0 left on base; Athletic Club KC 0 - Philadelphia 1776 3
Tuesday, December 19th, 2017 - OOTP Baseball 18.8 Build 76